 Dungeon Crawl Stone Soup version 0.16-a0-3202-g5da3999 (webtiles) character file.

16604 Malachi the Nimble (level 12, -3/89 HPs)
             Began as a Demonspawn Transmuter on Dec 18, 2014.
             Was a Believer of Kikubaaqudgha.
             Slain by a blink frog (6 damage)
             ... on level 1 of the Lair of Beasts.
             The game lasted 00:41:50 (11593 turns).

Malachi the Nimble (Demonspawn Transmuter)         Turns: 11593, Time: 00:41:57

Health: -3/89      AC: 10    Str: 11    XL:     12   Next: 11%
Magic:  26/26      EV: 16    Int: 24    God:    Kikubaaqudgha [**....]
Gold:   419        SH:  0    Dex: 13    Spells: 6 memorised, 6 levels left

rFire  . . .     SeeInvis .     N - melded staff of wizardry
rCold  . . .     Clarity  .     c - +0 robe
rNeg   . . .     SustAb   .     (shield currently unavailable)
rPois  .         Gourm    .     h - +2 hat
rElec  .         Spirit   .     y - +1 cloak {MR+}
rCorr  .         Warding  .     k - melded +1 pair of gloves
rMut   .         Stasis   .     (no boots)
MR     +....                    o - amulet of faith
Stlth  ++++......               r - +4 ring of protection
                                C - +4 ring of intelligence

@: blade hands, somewhat resistant to hostile enchantments, stealthy
A: antennae 1, hooves 1, camouflage 1, powered by death 2, powered by pain 2,
spit poison 1
a: Spit Poison, End Transformation, Receive Corpses, Renounce Religion


You were on level 1 of the Lair of Beasts.
You worshipped Kikubaaqudgha.
Kikubaaqudgha was pleased with you.
You were hungry.
You had blades for hands.
You visited 3 branches of the dungeon, and saw 11 of its levels.

You collected 596 gold pieces.
You spent 177 gold pieces at shops.

Inventory:

Missiles
 b - 136 arrows
 l - 6 poisoned arrows
 n - 18 arrows of frost
 E - 8 arrows of flame
 G - a throwing net (quivered)
 S - 6 curare-tipped needles
Armour
 c - a +0 robe (worn)
 h - a +2 hat (worn)
 k - a +1 pair of gloves (melded)
 y - a +1 cloak of magic resistance (worn)
Magical staves
 N - an uncursed staff of wizardry (melded)
Rods
 f - a +2 rod of the swarm (11/11)
   (You found it on level 5 of the Dungeon)
Jewellery
 g - a +1 ring of evasion
 o - an amulet of faith (around neck)
 r - a +4 ring of protection (right scythe-like blade)
 u - an uncursed ring of protection from cold
 C - a +4 ring of intelligence (left scythe-like blade)
 F - an uncursed ring of magical power
 K - an uncursed ring of protection from cold
 O - an uncursed ring of protection from fire
 U - an uncursed amulet of guardian spirit {unknown}
Magical devices
 q - a wand of confusion (14)
 R - a wand of frost (15)
Scrolls
 e - 4 scrolls of identify
 j - 2 scrolls of enchant armour
 t - a scroll of remove curse
 v - 2 scrolls of enchant weapon
 w - 4 scrolls of magic mapping
 B - a scroll of recharging
 H - a scroll of amnesia {unknown}
 T - a scroll of torment {unknown}
Potions
 i - a potion of mutation
 p - a potion of magic
 D - a potion of cancellation {unknown}
 I - a potion of resistance {unknown}
 M - a potion of restore abilities {unknown}
 P - a potion of brilliance {unknown}
Books
 d - a book of Changes

   Spells                             Type                      Level
   a - Beastly Appendage              Transmutation                1
   b - Sticks to Snakes               Transmutation                2
   c - Spider Form                    Transmutation/Poison         3
   d - Ice Form                       Ice/Transmutation            4
   e - Blade Hands                    Transmutation                5
 x - a Fen Folio

   Spells                             Type                      Level
   a - Corpse Rot                     Necromancy                   2
   b - Stone Arrow                    Conjuration/Earth            3
   c - Leda's Liquefaction            Hexes/Earth                  4
   d - Summon Forest                  Summoning/Translocation      5
   e - Hydra Form                     Transmutation                6
   f - Summon Hydra                   Summoning                    7
 L - a book of Debilitation

   Spells                             Type                      Level
   a - Corona                         Hexes                        1
   b - Slow                           Hexes                        2
   c - Inner Flame                    Hexes/Fire                   3
   d - Enslavement                    Hexes                        4
   e - Cause Fear                     Hexes                        4
   f - Leda's Liquefaction            Hexes/Earth                  4
 Q - Kikubaaqudgha's Incunabulum of Sinister Rites
   (Kikubaaqudgha gifted it to you on level 8 of the Dungeon)

   Spells                             Type                      Level
   a - Pain                           Necromancy                   1
   b - Corpse Rot                     Necromancy                   2
   c - Sublimation of Blood           Necromancy                   2
   d - Vampiric Draining              Necromancy                   3
   e - Control Undead                 Necromancy                   4
Comestibles
 a - 12 bread rations
 A - a royal jelly
 J - a slice of pizza
 V - 5 fruits


   Skills:
 + Level 6.4 Fighting
 + Level 2.0(2.3) Maces & Flails
 + Level 1.9(2.3) Staves
 + Level 1.8 Throwing
 + Level 1.9 Armour
 + Level 8.4 Dodging
 + Level 4.2 Stealth
 + Level 6.9 Unarmed Combat
 + Level 6.5 Spellcasting
 - Level 4.0 Necromancy
 * Level 8.2 Transmutations
 + Level 2.8 Ice Magic
 - Level 3.1 Poison Magic
 + Level 2.4 Evocations


You had 6 spell levels left.
You knew the following spells:

 Your Spells              Type           Power        Failure   Level  Hunger
a - Spider Form           Trmt/Pois      ####......   24%         3    None
b - Ice Form              Ice/Trmt       ####....     45%         4    ###....
c - Vampiric Draining     Necr           ####......   32%         3    None
d - Beastly Appendage     Trmt           #####.       12%         1    None
e - Sticks to Snakes      Trmt           #####.....   12%         2    None
f - Blade Hands           Trmt           #####.....   45%         5    #####..


Dungeon Overview and Level Annotations

Branches:
Dungeon (9/15)             Temple (1/1) D:7            Lair (1/8) D:8
    Orc: D:9-12

Altars:
Ashenzari
Cheibriados
Dithmenos
Elyvilon
Fedhas
Gozag
Kikubaaqudgha
Makhleb
Nemelex Xobeh
Okawaru
Qazlal
Ru
Sif Muna
Trog
Vehumet
Xom
Yredelemnul
Zin
The Shining One

Shops:
D:8 *

Annotations:
D:6 2 exclusions


Innate Abilities, Weirdness & Mutations

You have large cloven feet.
You can steal the life force of defeated enemies.
You sometimes gain power by taking damage.
You have a pair of small antennae on your head.
Your skin changes colour to match your surroundings (Stealth).
You can spit poison.


Message History

The blink frog barely misses you.
Drink which item? (? for menu, Esc to quit)
It was a potion of experience.
You feel more experienced!
Your Fighting skill increases to level 6!
Your Maces & Flails skill gained 2 levels and is now at level 2!
Your Staves skill increases to level 1!
Your Throwing skill increases to level 1!
Your Armour skill increases to level 1!
Your Stealth skill increases to level 4!
Your Transmutations skill increases to level 8!
Your Ice Magic skill increases to level 2!
Your Evocations skill gained 2 levels and is now at level 2!
You have reached level 12!
Your experience leads to an increase in your attributes!
Your base attributes are Str 11, Int 18, Dex 13.
Increase (S)trength, (I)ntelligence, or (D)exterity?
You feel clever. x2
The blink frog hits you.
You die...
Kikubaaqudgha rasps: "You have failed me!
Welcome... death!"

.. ...... #.....#......###
...#......+.....#.........
... .... .P.....#....".#..
.. .......#......... .
#.....#......#.. F
#........)...#
#.....F......#
...#.#.#+#F.......
........F@........
##.############.P# ##


You could see 2 blink frogs.

Vanquished Creatures
  A black mamba (Lair:1)
  2 spiny frogs (Lair:1)
  2 komodo dragons (Lair:1)
  A spriggan (D:7)
  A wyvern (D:9)
  A hippogriff (Lair:1)
  10 yaks
  2 wargs (D:8)
  Edmund (D:4)
  3 sky beasts
  A porcupine (Lair:1)
  An ice beast (D:9)
  3 ogres
  3 orc warriors
  4 water moccasins
  3 centaurs
  5 phantoms
  A big kobold (D:8)
  3 crocodiles (Lair:1)
  5 giant frogs
  A wyvern skeleton (D:8)
  6 killer bees (D:9)
  2 jellies
  A centaur zombie (D:7)
  2 crimson imps
  A giant frog zombie (D:6)
  A giant frog skeleton (D:4)
  8 orc priests
  4 hounds
  A centaur skeleton (D:9)
  An iguana (Lair:1)
  10 orc wizards
  A gnoll shaman (D:8)
  6 worker ants
  3 killer bee zombies
  Ijyb (D:3)
  2 hound zombies
  A worker ant zombie (D:5)
  16 adders
  6 gnolls
  3 shadow imps
  2 giant mites
  5 worms
  An adder zombie (D:6)
  5 giant geckos
  36 orcs
  A ball python (D:4)
  11 bats
  2 bat zombies
  8 giant cockroaches
  14 goblins
  15 hobgoblins
  16 kobolds
  6 quokkas
  3 giant newts
  6 jackals
  12 rats
  38 ballistomycetes
311 creatures vanquished.

Vanquished Creatures (collateral kills)
  An orc priest (D:3)
1 creature vanquished.

Vanquished Creatures (others)
  A troll (D:9)
  An orc priest (D:7)
  An orc wizard (D:7)
  A goblin (D:7)
  A hobgoblin (D:9)
  6 giant spores
  A kobold (D:6)
  A butterfly (D:9)
13 creatures vanquished.

Grand Total: 325 creatures vanquished

Notes
Turn   | Place    | Note
--------------------------------------------------------------
     0 | D:1      | Malachi, the Demonspawn Transmuter, began the quest for the Orb.
     0 | D:1      | Reached XP level 1. HP: 15/15 MP: 3/3
   256 | D:1      | Gained mutation: You can steal the life force of nearby defeated enemies. [demonic ancestry]
   256 | D:1      | Reached XP level 2. HP: 14/21 MP: 2/4
   634 | D:2      | Reached XP level 3. HP: 9/26 MP: 4/6
   822 | D:2      | Learned a level 2 spell: Sticks to Snakes
  1011 | D:2      | Found a basalt altar of Yredelemnul.
  1095 | D:2      | Reached skill level 3 in Unarmed Combat
  1144 | D:2      | Gained mutation: You can steal the life force of defeated enemies. [demonic ancestry]
  1144 | D:2      | Reached XP level 4. HP: 30/32 MP: 8/8
  1431 | D:2      | Found a bloodstained altar of Trog.
  1895 | D:3      | Noticed Ijyb
  2153 | D:3      | Gained mutation: You sometimes gain a little power by taking damage. [demonic ancestry]
  2153 | D:3      | Reached XP level 5. HP: 17/37 MP: 4/11
  2181 | D:3      | Killed Ijyb
  2353 | D:3      | Learned a level 3 spell: Spider Form
  2428 | D:3      | Gained mutation: You sometimes gain power by taking damage. [demonic ancestry]
  2428 | D:3      | Reached XP level 6. HP: 23/44 MP: 13/13
  3076 | D:4      | Reached skill level 4 in Transmutations
  3198 | D:4      | Found a stormy altar of Qazlal.
  3256 | D:4      | Reached XP level 7. HP: 50/50 MP: 12/15
  3725 | D:4      | Found a shadowy altar of Dithmenos.
  3788 | D:4      | Found a glowing golden altar of the Shining One.
  3805 | D:4      | Gained mutation: You have a pair of small antennae on your head. [potion of mutation]
  3805 | D:4      | Gained mutation: You can spit poison. [potion of mutation]
  3805 | D:4      | Gained mutation: Your skin changes colour to match your surroundings (Stealth). [potion of mutation]
  3865 | D:5      | Entered Level 5 of the Dungeon
  3868 | D:5      | Noticed Edmund
  3890 | D:4      | Killed Edmund
  3954 | D:5      | Identified a +1 rod of the swarm (9/9) (You found it on level 5 of the Dungeon)
  4066 | D:5      | Reached skill level 1 in Poison Magic
  4196 | D:5      | Reached XP level 8. HP: 44/58 MP: 18/18
  4278 | D:5      | Reached skill level 5 in Transmutations
  4906 | D:6      | Reached skill level 1 in Stealth
  5065 | D:6      | Reached skill level 5 in Dodging
  6053 | D:7      | Reached XP level 9. HP: 56/65 MP: 17/20
  6280 | D:7      | Reached skill level 6 in Dodging
  6305 | D:7      | Reached skill level 5 in Unarmed Combat
  6624 | D:7      | Found a staircase to the Ecumenical Temple.
  6635 | Temple   | Entered the Ecumenical Temple
  6683 | Temple   | Became a worshipper of Kikubaaqudgha
  7026 | D:8      | Acquired Kikubaaqudgha's first power
  7026 | D:8      | Received a gift from Kikubaaqudgha
  7029 | D:8      | Identified Kikubaaqudgha's Incunabulum of Sinister Rites (Kikubaaqudgha gifted it to you on level 8 of the Dungeon)
  7163 | D:8      | Found a staircase to the Lair.
  7172 | D:8      | HP: 3/66 [warg (13)]
  7621 | D:8      | Reached skill level 1 in Necromancy
  7730 | D:8      | Found Urookid's Assorted Antiques.
  7738 | D:8      | Bought a fuming inky potion for 21 gold pieces
  7738 | D:8      | Bought an embroidered cloak for 108 gold pieces
  7738 | D:8      | Bought a scroll of identify for 48 gold pieces
  7994 | D:8      | Learned a level 3 spell: Vampiric Draining
  7999 | D:8      | Learned a level 4 spell: Ice Form
  8209 | D:8      | Found a shattered altar of Ashenzari.
  8209 | D:8      | Found a white marble altar of Elyvilon.
  8422 | D:9      | HP: 1/66 [something (20)]
  8422 | D:9      | Reached skill level 7 in Dodging
  8759 | D:9      | Reached skill level 5 in Spellcasting
  8767 | D:9      | Reached XP level 10. HP: 63/73 MP: 17/22
  8783 | D:9      | Found a blossoming altar of Fedhas.
  9147 | D:9      | Acquired Kikubaaqudgha's second power
  9219 | D:9      | Reached skill level 1 in Ice Magic
  9248 | D:9      | Reached skill level 5 in Fighting
 10061 | Lair:1   | Entered Level 1 of the Lair of Beasts
 10329 | Lair:1   | Noticed a black mamba
 10655 | Lair:1   | Learned a level 5 spell: Blade Hands
 10716 | Lair:1   | HP: 3/74 [yak (15)]
 11086 | Lair:1   | Reached skill level 8 in Dodging
 11213 | Lair:1   | Killed a black mamba
 11213 | Lair:1   | Gained mutation: You have large cloven feet. [demonic ancestry]
 11213 | Lair:1   | Reached XP level 11. HP: 47/81 MP: 19/24
 11591 | Lair:1   | HP: 3/81 [blink frog (12)]
 11593 | Lair:1   | Reached skill level 1 in Staves
 11593 | Lair:1   | Reached skill level 1 in Throwing
 11593 | Lair:1   | Reached skill level 1 in Armour
 11593 | Lair:1   | Reached XP level 12. HP: 3/89 MP: 26/26
 11593 | Lair:1   | Slain by a blink frog

Action                   |  1- 3 |  4- 6 |  7- 9 | 10-12 || total
-------------------------+-------+-------+-------+-------++-------
Melee: Unarmed           |   133 |   327 |   790 |   334 ||  1584
       Staff             |       |       |    18 |     5 ||    23
Throw: Throwing net      |       |       |     1 |       ||     1
 Cast: Beastly Appendage |    23 |    28 |    23 |       ||    74
       Sticks to Snakes  |       |     9 |       |       ||     9
       Spider Form       |       |     8 |    45 |     5 ||    58
       Ice Form          |       |       |     5 |    14 ||    19
       Blade Hands       |       |       |       |    10 ||    10
       Vampiric Draining |       |       |       |     5 ||     5
Evoke: Rod               |       |       |     2 |       ||     2
  Use: Scroll            |     1 |     1 |    19 |     2 ||    23
       Potion            |     1 |     4 |     2 |     5 ||    12
 Stab: Sleeping          |       |       |     4 |     4 ||     8
  Eat: Chunk             |     1 |     8 |    12 |     7 ||    28
       Fruit             |       |       |     6 |       ||     6
       Pizza             |       |       |     3 |       ||     3
       Meat ration       |       |       |     1 |     1 ||     2
